 Dungeon Crawl Stone Soup version 0.21-a0-278-ga722497 (webtiles) character file.

297 vishdafish the Shield-Bearer (level 6, -9/48 HPs)
             Began as a Formicid Fighter on Sept 22, 2017.
             Mangled by a mummy (13 damage)
             ... in an ossuary.
             The game lasted 00:04:22 (2827 turns).

vishdafish the Shield-Bearer (Formicid Fighter)     Turns: 2827, Time: 00:04:25

Health: -9/48      AC:  7    Str: 21      XL:     6   Next: 62%
Magic:  6/6        EV:  9    Int:  5 (7)  God:
Gold:   145        SH: 10    Dex: 12      Spells: 5/5 levels left

rFire    . . .     SeeInvis +   t - +0 flail (holy)
rCold    . . .     Gourm    .   c - +0 shield
rNeg     . . .     Faith    .   b - +0 scale mail
rPois    .         Spirit   .   (helmet unavailable)
rElec    .         Reflect  .   (no cloak)
rCorr    .         Harm     .   (no gloves)
MR       .....                  (no boots)
Stlth    ..........             (no amulet)
HPRegen  0.16/turn              (no ring)
MPRegen  0.10/turn              (no ring)

@: no status effects
A: permanent stasis, dig shafts and tunnels, four strong arms, antennae 3
a: Dig, Shaft Self


You were in an ossuary.
You were hungry.

You visited 1 branch of the dungeon, and saw 4 of its levels.
You also visited: Ossuary.

You collected 145 gold pieces.

Inventory:

Hand Weapons
 a - a +0 war axe
 t - a +0 flail of holy wrath (weapon)
Armour
 b - a +0 scale mail (worn)
 c - a +0 shield (worn)
Jewellery
 m - an uncursed amulet of faith
Scrolls
 d - a scroll of magic mapping {unknown}
 e - a scroll of identify {unknown}
 j - 2 scrolls of fog {unknown}
 l - 2 scrolls of teleportation {unknown}
 p - a scroll of random uselessness {unknown}
 s - a scroll of enchant weapon {unknown}
Potions
 g - a potion of lignification
 i - a potion of berserk rage {unknown}
 k - a potion of haste {unknown}
 o - a potion of mutation {unknown}
 r - a potion of cancellation
Comestibles
 f - 2 bread rations
 h - a royal jelly
 n - 2 meat rations
 q - 2 fruits


   Skills:
 + Level 4.1 Fighting
 * Level 3.8 Axes
 + Level 4.5 Armour
 - Level 1.5 Dodging
 - Level 0.6 Stealth
 + Level 5.0 Shields


You had 5 spell levels left.
You didn't know any spells.

Dungeon Overview and Level Annotations

Branches:
Dungeon (4/15)
 Temple: D:4-7

Altars:
Gozag
Hepliaklqana
Sif Muna


Innate Abilities, Weirdness & Mutations

You cannot be hasted, slowed, berserked, paralysed or teleported.
You can dig through walls and to a lower floor.
Your four strong arms can wield two-handed weapons with a shield.
You have a pair of large antennae on your head. (SInv)


Message History

Okay, then.
It was a potion of lignification.
You turn into a tree.
Your +0 scale mail melds into your body.
Your roots penetrate the ground.
You sock the mummy!
The mummy convulses!
The mummy is almost destroyed.
You block the mummy's attack. x2; The mummy hits you!
* * * LOW HITPOINT WARNING * * *
You barely miss the mummy.
The mummy is almost destroyed.
The mummy hits you but does no damage. The mummy hits you.
* * * LOW HITPOINT WARNING * * *
You block the mummy's attack.
It was a potion of cancellation.
Your magical effects are unravelling.
You feel magically purged.
You feel less wooden.
Your +0 scale mail unmelds from your body.
The mummy hits you!
You die...

####
#.M######
##M@....#
#.M.∩.∩.+
##......#
#..######
####


You could see 3 mummies.

Vanquished Creatures
  The ghost of Cakewalk the Sneak, an amateur OpAs (D:3)
  2 orc wizards (D:3)
  A mummy (D:4)
  3 gnolls (D:4)
  3 adders
  4 worms
  4 dart slugs
  3 leopard geckos
  6 orcs (D:3)
  4 giant cockroaches
  9 goblins
  6 hobgoblins
  2 quokkas
  5 bats
  3 frilled lizards
  A jackal skeleton (D:4)
  A jackal zombie (D:3)
  9 kobolds
  9 rats
76 creatures vanquished.

Notes
Turn   | Place    | Note
-------+----------+-------------------------------------------
     0 | D:1      | vishdafish the Formicid Fighter began the quest for the Orb.
     0 | D:1      | Reached XP level 1. HP: 18/18 MP: 1/1
    54 | D:1      | Reached XP level 2. HP: 24/24 MP: 2/2
   597 | D:2      | Found a faded altar of an unknown god.
   624 | D:2      | Reached skill level 4 in Shields
   624 | D:2      | Reached XP level 3. HP: 28/29 MP: 3/3
   645 | D:2      | Became a worshipper of Sif Muna the Loreminder
   645 | D:2      | Reached * piety under Sif Muna
   649 | D:2      | Fell from the grace of Sif Muna
  1298 | D:2      | Reached XP level 4. HP: 37/37 MP: 4/4
  1377 | D:2      | Found an opulent altar of Gozag.
  1606 | D:3      | Noticed Cakewalk's ghost (amateur OpAs)
  1615 | D:3      | Killed Cakewalk's ghost
  1615 | D:3      | Reached skill level 1 in Dodging
  1615 | D:3      | Reached XP level 5. HP: 21/42 MP: 5/5
  1717 | D:3      | Found a hazy altar of Hepliaklqana.
  2034 | D:3      | Reached XP level 6. HP: 48/48 MP: 6/6
  2776 | D:4      | Reached skill level 5 in Shields
  2802 | D:4      | Found a sand-covered staircase.
  2817 | Ossuary  | Entered an ossuary
  2827 | Ossuary  | Mangled by a mummy

Vault maps used:
D:1:      minmay_arrival_jagged, minmay_split_cup_small
D:2:      old_standard_altar, chequers_ecumenical_altar_lobes
D:3:      overflow_temple_1_default, first_bread
D:4:      gup_ossuary_entry_pyramid
Ossuary:  ossuary_minmay_chase

Skill      XL: |  1  2  3  4  5  6 |
---------------+-------------------+-----
Shields        | 4 5 |  5.0
Armour         | 4 |  4.5
Axes           | 3 |  3.8
Dodging        | 1 |  1.5
Fighting       | 4 |  4.1
Stealth        | |  0.6

Action                   |  1- 3 |  4- 6 || total
-------------------------+-------+-------++-------
Melee: War axe           |    90 |   146 ||   236
       Flail             |       |    12 ||    12
Invok: Renounce Religion |     1 |       ||     1
  Use: Potion            |     1 |     3 ||     4
  Eat: Chunk             |     1 |     5 ||     6
Armor: Scale mail        |    40 |    51 ||    91
       Skin              |       |     1 ||     1
Dodge: Dodged            |    27 |    61 ||    88
Block: Shield            |    41 |    98 ||   139

Table legend:
 A = Spawn XP
 B = Non-spawn XP
 C = Spawn XP percentage of total XP
 D = Spawn monster count
 E = Non-spawn monster count
 F = Spawn count percentage of total count
 G = Total turns spent on level
                    A         B        C        D         E        F      G
               +---------+---------+-------+---------+---------+-------+---------
         Total |       0 |     425 |   0.0 |       0 |      76 |   0.0 |  2827
               +---------+---------+-------+---------+---------+-------+---------
           D:1 |       0 |      21 |   0.0 |       0 |      14 |   0.0 |   548
           D:2 |       0 |      70 |   0.0 |       0 |      23 |   0.0 |  1037
           D:3 |       0 |     272 |   0.0 |       0 |      34 |   0.0 |  1172
           D:4 |       0 |      62 |   0.0 |       0 |       5 |   0.0 |    60
               +---------+---------+-------+---------+---------+-------+---------
